 Dungeon Crawl Stone Soup version 0.27.1-15-g792fb953b9 (webtiles) character file.

Game seed: 7170847654119702524

4 Elvor the Caller (level 1, -2/14 HPs)
             Began as a Draconian Summoner on Nov 19, 2021.
             Slain by a jackal (3 damage)
             ... on level 1 of the Dungeon.
             The game lasted 00:00:52 (134 turns).

Elvor the Caller (Draconian Summoner)                Turns: 134, Time: 00:00:52

Health: -2/14      AC:  4    Str: 10    XL:     1   Next: 58%
Magic:  3/3        EV: 12    Int: 15    God:
Gold:   0          SH:  0    Dex: 11    Spells: 3/4 levels left

rFire    . . .     SeeInvis .   (no weapon)
rCold    . . .     Faith    .   (no shield)
rNeg     . . .     Spirit   .   (armour unavailable)
rPois    .         Reflect  .   (helmet restricted)
rElec    .         Harm     .   (no cloak)
rCorr    .         Rampage  .   (no gloves)
Will     .....                  (no boots)
Stlth    ++........             (no amulet)
HPRegen  0.04/turn              (no ring)
MPRegen  0.08/turn              (no ring)

@: no status effects
A: AC +4, unfitting armour, cold-blooded
a: no special abilities


You were on level 1 of the Dungeon.
You visited 1 branch of the dungeon, and saw 1 of its levels.

You aren't carrying anything.


   Skills:
 + Level 1.7 Dodging
 + Level 1.7 Stealth
 + Level 2.0 Spellcasting
 + Level 4.2 Summonings


You had 3 spell levels left.
You knew the following spells:

 Your Spells              Type           Power      Damage    Failure   Level
a - Summon Small Mammal   Summ           56%        N/A       3%          1

Your spell library contained the following spells:

 Spells                   Type           Power      Damage    Failure   Level
 Call Imp                 Summ           14%        N/A       6%          2
 Call Canine Familiar     Summ           14%        N/A       12%         3
 Summon Guardian Golem    Hex/Summ       7%         N/A       28%         3
 Summon Lightning Spire   Summ/Air       7%         N/A       67%         4


Dungeon Overview and Level Annotations

Branches:
Dungeon (1/15)

Altars:


Innate Abilities, Weirdness & Mutations

Your plain brown scales are hard. (AC +4)
You cannot fit into any form of body armour.
You are cold-blooded and may be slowed by cold attacks.


Message History

The rat bites you but does no damage.
You hit the jackal but do no damage.
The jackal is heavily wounded.
The jackal completely misses you. The jackal misses you.
The rat barely misses you.
You closely miss the jackal.
The jackal is heavily wounded.
The jackal misses you.
The jackal bites you but does no damage.
The jackal barely misses you. The jackal bites you.
* * * LOW HITPOINT WARNING * * *
The rat misses you.
You hit the jackal.
The jackal is severely wounded.
The jackal closely misses you. x2; The rat bites you but does no damage.
You barely miss the jackal.
The jackal is severely wounded.
The jackal closely misses you. The jackal completely misses you.
The rat misses you.
You closely miss the jackal.
The jackal is severely wounded.
The jackal bites you but does no damage.
The jackal closely misses you. The jackal completely misses you.
The jackal barely misses you. The rat closely misses you.
You miss the jackal.
The jackal is severely wounded.
The jackal bites you but does no damage. x2
The rat bites you.
* * * LOW HITPOINT WARNING * * *
You barely miss the jackal.
Your tail-slap misses the jackal.
The jackal is heavily wounded.
The jackal completely misses you.
The jackal bites you but does no damage.
The jackal closely misses you. The jackal bites you.
* * * LOW HITPOINT WARNING * * *
The rat bites you but does no damage.
You hit the jackal but do no damage.
Your tail-slap misses the jackal.
The jackal is heavily wounded.
The jackal bites you.
You die...

#.# ..
############.##.#
................#
#.##########.####
#.# #.##.. #.#
#######†##.# #..
........##.# #..#
#######.##h####.#
#..## #....@h...#
..... #.##r######
≈≈≈≈≈ #.##.#
###### #.##.#
≈#8..# #.##.#
##...# #.##.#
.'...# #.##.#
##...# #. #.#
#8.8#


You could see 2 jackals and a rat.

Vanquished Creatures
  An endoplasm (D:1)
  2 jackals (D:1)
  A rat (D:1)
4 creatures vanquished.

Notes
Turn   | Place    | Note
-------+----------+-------------------------------------------
     0 | D:1      | Elvor the Draconian Summoner began the quest for the Orb.
     0 | D:1      | Reached XP level 1. HP: 14/14 MP: 3/3
   134 | D:1      | Slain by a jackal

Illustrated notes

Levels and vault maps discovered:
D:1:      saegor_arrival_fortress, layout_loops_ring,
          hellmonk_ecumenical_altar_blasted, minmay_tree_intersection

Action                   || total
-------------------------++-------
Melee: Unarmed           ||    29
       Tailslap          ||     3
 Stab: Sleeping          ||     1
Armor: Skin              ||    27
Dodge: Dodged            ||    53
